 Dungeon Crawl Stone Soup version 0.28-a0-384-g9e0c098162 (webtiles) character file.

Game seed: 16601393201949163176

62 willcat the Magician (level 3, -5/19 HPs)
             Began as a Deep Elf Air Elementalist on Sept 2, 2021.
             Was an Initiate of Sif Muna.
             Slain by a black bear (7 damage)
             ... on level 4 of the Dungeon.
             The game lasted 00:04:08 (827 turns).

willcat the Magician (Deep Elf Air Elementalist)     Turns: 827, Time: 00:04:09

Health: -5/19      AC:  2    Str:  5    XL:     3   Next: 85%
Magic:  5/10       EV: 12    Int: 20    God:    Sif Muna [......]
Gold:   64         SH:  0    Dex: 15    Spells: 9/10 levels left

rFire   . . .      SeeInvis .   m - +4 spear (pain)
rCold   . . .      Faith    .   (no shield)
rNeg    . . .      Spirit   .   a - +0 robe
rPois   .          Reflect  .   (no helmet)
rElec   .          Harm     .   (no cloak)
rCorr   .          Rampage  .   (no gloves)
Will    .....                   (no boots)
Stlth   ++........              h - amulet of regeneration
HPRegen 1.06/turn               (no ring)
MPRegen 0.12/turn               (no ring)

@: no status effects
A: no striking features
a: Renounce Religion


You were on level 4 of the Dungeon.
You worshipped Sif Muna.
Sif Muna was noncommittal.
You visited 1 branch of the dungeon, and saw 4 of its levels.
You also visited: Ossuary.

You collected 64 gold pieces.

Inventory:

Hand Weapons
 m - a +4 spear of pain (weapon)
Armour
 a - a +0 robe (worn)
Jewellery
 h - an amulet of regeneration (around neck)
Scrolls
 d - a scroll of enchant weapon {unknown}
 f - a scroll of immolation {unknown}
 g - 6 scrolls of identify {unknown}
 i - a scroll of acquirement {unknown}
 k - a scroll of noise {unknown}
 l - a scroll of enchant armour {unknown}
Potions
 e - a potion of heal wounds {unknown}
 j - 2 potions of curing {unknown}


   Skills:
 - Level 2.4 Dodging
 - Level 2.4 Stealth
 + Level 4.1 Spellcasting
 + Level 2.5 Conjurations
 + Level 3.6 Air Magic


You had 9 spell levels left.
You knew the following spells:

 Your Spells              Type           Power      Damage    Failure   Level
a - Shock                 Conj/Air       64%        1d7       3%          1

Your spell library contained the following spells:

 Spells                   Type           Power      Damage    Failure   Level
 Static Discharge         Conj/Air       16%        N/A       5%          2
 Swiftness                Air            18%        N/A       9%          3
 Airstrike                Air            9%         N/A       28%         4
 Iskenderun's Battlesphe  Conj           14%        2d7       77%         5
 Iron Shot                Conj/Erth      4%         9d2       100%        6
 Spellforged Servitor     Conj/Summ      4%         N/A       100%        7


Dungeon Overview and Level Annotations

Branches:
Dungeon (4/15)            Ossuary (visited)
 Temple: D:4-7

Altars:
Sif Muna


Message History

The black bear is moderately wounded.
Unknown command.
Casting: Shock (safe; 3% risk of failure)
Confirm with . or Enter, or press ? or * to list all spells.
Aiming: Shock (safe; 3% risk of failure)
Press: ? - help, Shift-Dir - straight line The zap hits the black bear.
The black bear is moderately wounded.
The zap misses the black bear.
An orc wizard comes into view. It is wielding a +0 dagger.
The black bear bites you! The black bear barely misses you.
The black bear misses you.
Casting: Shock (safe; 3% risk of failure)
Confirm with . or Enter, or press ? or * to list all spells.
Aiming: Shock (safe; 3% risk of failure)
Press: ? - help, Shift-Dir - straight line The zap hits the black bear.
The black bear is moderately wounded.
The zap hits the black bear.
The black bear is moderately wounded.
The orc wizard shouts!
You hear a shout! x2
The black bear bites you. The black bear closely misses you. x2
Casting: Shock (safe; 3% risk of failure)
Confirm with . or Enter, or press ? or * to list all spells.
Aiming: Shock (safe; 3% risk of failure)
Press: ? - help, Shift-Dir - straight line The zap hits the black bear.
The black bear is heavily wounded.
The zap hits the black bear.
The black bear is heavily wounded.
The black bear bites you!
* * * LOW HITPOINT WARNING * * *
The black bear claws you.
* * * LOW HITPOINT WARNING * * *
The black bear claws you.
* * * LOW HITPOINT WARNING * * *
Unknown command.
Okay, then.
The black bear bites you!
You die...

...... #### ...... .....#
...... ./.... #......
.)....###...o...
#................
#.........o.......
#.........h..##.....
#........@...#.?##.[ .....
##........^...P..P..♣.....
#............P..P≈≈....P..
.#.........P....♣≈♣...P..
#.......P..P.♣≈≈≈≈..P...
#.##.###...≈≈≈≈≈≈≈..P...
#.. #.###.P.♣≈≈♣≈≈..P....
. #........P♣≈≈≈.)P...8.
#...####...♣P.......##


You could see a black bear, an orc wizard and an orc.

Vanquished Creatures
  3 mummies (Ossuary)
  An adder (D:4)
  A giant cockroach (D:1)
  A hobgoblin (D:4)
  A kobold (D:2)
  A quokka (D:4)
  2 ball pythons
  A bat (D:2)
  6 goblin zombies (Ossuary)
  A hobgoblin zombie (Ossuary)
  2 kobold zombies (Ossuary)
  A rat (D:1)
21 creatures vanquished.

Vanquished Creatures (others)
  A plant (D:4)
1 creature vanquished.

Grand Total: 22 creatures vanquished

Notes
Turn   | Place    | Note
-------+----------+-------------------------------------------
     0 | D:1      | willcat the Deep Elf Air Elementalist began the quest for
                  | the Orb.
     0 | D:1      | Reached XP level 1. HP: 10/10 MP: 6/6
    36 | D:2      | Found a shimmering blue altar of Sif Muna.
    41 | D:2      | Became a worshipper of Sif Muna the Loreminder
   298 | D:4      | Noticed an iguana
   306 | D:4      | Found a sand-covered staircase.
   315 | Ossuary  | Entered an ossuary
   315 | Ossuary  | Noticed a wraith
   315 | Ossuary  | Noticed a wraith
   315 | Ossuary  | Noticed a wraith
   376 | Ossuary  | Reached XP level 2. HP: 15/15 MP: 1/8
   564 | Ossuary  | Reached XP level 3. HP: 19/19 MP: 5/10
   580 | Ossuary  | Noticed a wraith
   779 | D:4      | Reached skill level 4 in Spellcasting
   818 | D:4      | Noticed a black bear
   827 | D:4      | Slain by a black bear

Illustrated notes

Levels and vault maps discovered:
D:1:      lordsloth_arrival_two_stooges, layout_loops_ring
D:2:      layout_basic, basic_altar, minmay_misc_feat_diagonals
D:3:      layout_basic, marbit_many_paths, ebering_ecumenical_altar_box,
          uniq_ijyb
D:4:      layout_rooms, yredelemnul_altar_generic, okawaru_gym_becter,
          lightli_ossuary_entry_decrepit_ruins, lightli_sewer_entry_pipes,
          serial_bayou_pond_a

Skill      XL: |  1  2  3 |
---------------+----------+-----
Conjurations   | 2 |  2.5
Spellcasting   | 4 |  4.1
Dodging        | |  2.4
Stealth        | |  2.4
Air Magic      | |  3.6

Action                   || total
-------------------------++-------
Melee: Short sword       ||    24
       Mace              ||     5
       Spear             ||     5
 Cast: Shock             ||    47
 Stab: Sleeping          ||     1
Armor: Robe              ||    11
Dodge: Dodged            ||    36

Table legend: (Time is in decaauts)
 A = Elapsed time spent in this place.
 B = Non-inter-level travel time spent in this place.
 C = Inter-level travel time spent in this place.
 D = Time resting spent in this place.
 E = Time spent auto-exploring this place.
 F = Levels seen in this place.
 G = Mean time per level.
                   A        B        C        D        E       F      G
               +--------+--------+--------+--------+--------+-----+--------+
         Total |    830 |    830 |      0 |    115 |    149 |   5 |  166.0 |
       Dungeon |    380 |    380 |      0 |     19 |    149 |   4 |   95.0 |
       Ossuary |    449 |    449 |      0 |     96 |      0 |   1 |  449.0 |
               +--------+--------+--------+--------+--------+-----+--------+

Top non-repeatable levels by time:
 Ossuary: 449 daAuts
     D:3: 179 daAuts
     D:2: 83 daAuts
     D:4: 82 daAuts
     D:1: 35 daAuts
